 Dungeon Crawl Stone Soup version 0.27-a0-79-gcaaa221d37 (webtiles) character file.

Game seed: 1697998627190961514

107 dickylongcocking the Magician (level 4, 0/24 HPs)
             Began as a Deep Elf Venom Mage on Jan 15, 2021.
             Slain by a hobgoblin (1 damage)
             ... led by Robin
             ... on level 2 of the Dungeon.
             The game lasted 00:02:09 (2361 turns).

dickylongcocking the Magician (Deep Elf Venom Mage) Turns: 2361, Time: 00:02:09

Health: 0/24       AC:  2    Str:  3 (5)  XL:     4   Next: 57%
Magic:  1/12       EV: 13    Int: 19 (21) God:
Gold:   36         SH:  0    Dex: 14 (15) Spells: 5/11 levels left

rFire    + . .     SeeInvis .   e - +0 dagger
rCold    + . .     Faith    .   (no shield)
rNeg     . . .     Spirit   .   a - +0 robe
rPois    +         Reflect  .   (no helmet)
rElec    +         Harm     .   (no cloak)
rCorr    +         Rampage  .   (no gloves)
Will     .....                  (no boots)
Stlth    ++........             (no amulet)
HPRegen  0.08/turn              c - ring of flight
MPRegen  0.13/turn              (no ring)

@: resistant, slowed, very slow
A: no striking features
a: Evoke Flight


You were on level 2 of the Dungeon.
You visited 1 branch of the dungeon, and saw 2 of its levels.

You collected 36 gold pieces.

Inventory:

Hand Weapons
 e - a +0 dagger (weapon)
 k - a +2 dagger of flaming
Armour
 a - a +0 robe (worn)
Jewellery
 c - a ring of flight (left hand)
 j - an uncursed amulet of guardian spirit {unknown}
Scrolls
 d - a scroll of remove curse {unknown}
 g - a scroll of fog {unknown}
 i - a scroll of identify {unknown}


   Skills:
 - Level 2.4 Dodging
 - Level 2.4 Stealth
 * Level 4.4 Spellcasting
 * Level 2.8 Transmutations
 * Level 4.3 Poison Magic


You had 5 spell levels left.
You knew the following spells:

 Your Spells              Type           Power        Failure   Level
a - Sting                 Tmut/Pois      68%          3%          1
i - Ignite Poison         Fire/Tmut/Pois 13%          14%         3
p - Poisonous Vapours     Pois/Air       24%          9%          2

Your spell library contained the following spells:

 Spells                   Type           Power        Failure   Level
 Mephitic Cloud           Conj/Pois/Air  9%           22%         3
 Olgreb's Toxic Radiance  Pois           20%          22%         4


Dungeon Overview and Level Annotations

Branches:
Dungeon (2/15)

Altars:

Annotations:
D:2 Natasha


Message History

Natasha mumbles some strange words.
You feel disoriented. Natasha claws you.
Unknown command.
Unknown command.
You kill the goblin!
The bat closely misses you. x2
Natasha casts a spell at you. You resist with some effort.
The hobgoblin hits you.
Unknown command.
The bat completely misses you. Natasha claws you!
* * * LOW HITPOINT WARNING * * *
Unknown command.
The bat closely misses you. x2
Unknown command.
The bat misses you. The bat hits you but does no damage.
The hobgoblin closely misses you.
Unknown command.
The bat closely misses you. The hobgoblin hits you.
You die...

.... #...###.. .....
####.#...... .....
##g.)...###.. #.....
###.g##..........g.
...#..###†g.###............
#.......)#####............
###..#.#.####g............
#..#.#.#b.....g.........
###....#.@gg#.##.#........
.r.....†....)r.##.##.?.....
.......##......##.##.......
....... #.###..#..##g..$...
.....!. #.# #.......)......
.......##.###.#.......###.#
#.##.#....#.......#(.......
## ..........(.<###.5......
............^........


You could see 3 hobgoblins, a goblin (wandering), a bat and a rat.

Vanquished Creatures
  Natasha (twice) (D:2)
  Robin (D:2)
  An adder (D:2)
  A dart slug (D:1)
  A leopard gecko (D:2)
  A giant cockroach (D:1)
  7 goblins
  7 hobgoblins
  2 jackals (D:2)
  5 kobolds
  A ball python (D:2)
  3 bats
  A frilled lizard (D:1)
  A rat (D:2)
34 creatures vanquished.

Vanquished Creatures (others)
  A toadstool (D:1)
1 creature vanquished.

Grand Total: 35 creatures vanquished

Notes
Turn   | Place    | Note
-------+----------+-------------------------------------------
     0 | D:1      | dickylongcocking the Deep Elf Venom Mage began the quest
                  | for the Orb.
     0 | D:1      | Reached XP level 1. HP: 10/10 MP: 6/6
   383 | D:1      | Reached XP level 2. HP: 15/15 MP: 5/8
  1161 | D:2      | Reached XP level 3. HP: 19/19 MP: 2/10
  1247 | D:2      | Noticed Natasha
  1502 | D:1      | Learned a level 3 spell: Ignite Poison
  1506 | D:2      | Killed Natasha
  1544 | D:1      | Learned a level 2 spell: Poisonous Vapours
  1547 | D:2      | Noticed Natasha
  1929 | D:2      | Noticed Robin
  1942 | D:1      | Reached XP level 4. HP: 1/24 MP: 0/12
  2335 | D:2      | Killed Robin
  2339 | D:2      | Killed Natasha
  2351 | D:2      | Noticed Natasha
  2358 | D:2      | HP: 1/24 [Natasha (9)]
  2361 | D:2      | Slain by a hobgoblin

Illustrated notes

Levels and vault maps discovered:
D:1:      nagdon_arrival_zigzag_paths, layout_basic
D:2:      layout_rooms, minmay_heptomino_o4, uniq_robin, uniq_natasha,
          uniq_crazy_yiuf_cottage

Skill      XL: |  1  2  3 |
---------------+----------+-----
Transmutations | 2 |  2.8
Spellcasting   | 4 |  4.4
Poison Magic   | 4 |  4.3
Dodging        | |  2.4
Stealth        | |  2.4

Action                   |  1- 3 |  4- 6 || total
-------------------------+-------+-------++-------
Melee: Dagger            |     9 |     1 ||    10
 Cast: Sting             |    43 |     4 ||    47
       Poisonous Vapours |     8 |     4 ||    12
       Ignite Poison     |     1 |       ||     1
  Use: Potion            |       |     3 ||     3
 Stab: Sleeping          |     3 |       ||     3
Armor: Robe              |     6 |     3 ||     9
Dodge: Dodged            |    38 |    25 ||    63

Table legend: (Time is in decaauts)
 A = Elapsed time spent in this place.
 B = Non-inter-level travel time spent in this place.
 C = Inter-level travel time spent in this place.
 D = Time resting spent in this place.
 E = Time spent auto-exploring this place.
 F = Levels seen in this place.
 G = Mean time per level.
                   A        B        C        D        E       F      G
               +--------+--------+--------+--------+--------+-----+--------+
         Total |   2378 |   2333 |     45 |   1038 |   1074 |   2 | 1189.0 |
       Dungeon |   2378 |   2333 |     45 |   1038 |   1074 |   2 | 1189.0 |
               +--------+--------+--------+--------+--------+-----+--------+

Top non-repeatable levels by time:
     D:1: 2112 daAuts
     D:2: 266 daAuts
